 Dungeon Crawl Stone Soup version 0.26.1-2-gb8aa6d0cf2 (console) character file.

Game seed: 10242030574189810177

2542 om the Chiller (level 9, -2/48 (63) HPs)
             Began as a Vampire Ice Elementalist on Feb 23, 2021.
             Was a Follower of Sif Muna.
             Slain by a wight
             ... wielding a cursed +2 battleaxe
              (13 damage)
             ... on level 6 of the Dungeon.
             The game lasted 00:32:41 (9899 turns).

om the Chiller (Vampire Ice Elementalist)           Turns: 9899, Time: 00:32:41

HP:   -2/48 (63)    AC:  5    Str:  8    XL:     9   Next: 30%
MP:   13/13         EV: 16    Int: 18    God:    Sif Muna [*.....]
Gold: 221           SH:  0    Dex: 16    Spells: 3/14 levels left

rFire    + . .     SeeInvis +   s - +2 dagger (venom)
rCold    . . .     Faith    .   (no shield)
rNeg     . . .     Spirit   .   L - +0 robe (curse)
rPois    .         Reflect  .   (no helmet)
rElec    .         Harm     .   I - +2 cloak
rCorr    .         Rampage  .   (no gloves)
Will     .....                  (no boots)
Stlth    ++++......             w - amulet of the acrobat
HPRegen  0.36/turn              h - ring of stealth
MPRegen  0.13/turn              d - ring of protection from fire

@: regenerating quickly, heavily drained
A: fangs 3, see invisible, unbreathing
a: Exsanguinate, Renounce Religion, Channel Magic


You were on level 6 of the Dungeon.
You worshipped Sif Muna.
Sif Muna was aware of your devotion.
You visited 2 branches of the dungeon, and saw 8 of its levels.

You collected 441 gold pieces.
You spent 220 gold pieces at shops.

Inventory:

Hand Weapons
 q - a +2 short sword of venom
 s - a +2 dagger of venom (weapon)
 J - a +0 dagger of freezing
Armour
 a - a +0 ring mail
 n - a +0 leather armour
 u - a scarf of repulsion
 I - a +2 cloak (worn)
 L - a cursed +0 robe (worn)
 M - a cursed +0 leather armour
Jewellery
 d - a ring of protection from fire (right hand)
 h - a ring of stealth (left hand)
 w - an amulet of the acrobat (around neck)
 z - an uncursed amulet of regeneration {unknown}
 K - a +4 ring of protection {unknown}
Wands
 x - a wand of enslavement (3)
 H - a wand of flame (13)
Scrolls
 e - a scroll of fog {unknown}
 j - 4 scrolls of teleportation
 k - a scroll of enchant armour {unknown}
 l - a scroll of immolation {unknown}
 m - 2 scrolls of enchant weapon
 o - a scroll of amnesia
 t - a scroll of blinking
 y - a scroll of fear
 A - 3 scrolls of vulnerability
 D - a scroll of identify
 F - a scroll of remove curse
 G - 2 scrolls of magic mapping
Potions
 b - 3 potions of curing
 c - 3 potions of haste
 f - 2 potions of heal wounds
 g - a potion of magic
 i - a potion of flight
 p - 3 potions of lignification
 r - 3 potions of ambrosia {unknown}
 v - 2 potions of invisibility
 B - 2 potions of mutation {unknown}
 C - a potion of resistance {unknown}
 E - a potion of brilliance {unknown}


   Skills:
 - Level 3.0 Fighting
 - Level 5.5 Short Blades
 * Level 4.2 Armour
 - Level 6.3 Dodging
 + Level 5.9 Stealth
 - Level 3.0 Spellcasting
 * Level 2.0 Conjurations
 - Level 7.1 Ice Magic


You had 3 spell levels left.
You knew the following spells:

 Your Spells              Type           Power        Failure   Level
a - Freeze                Ice            100%         1%          1
b - Frozen Ramparts       Ice            56%          2%          3
c - Ozocubu's Armour      Ice            28%          2%          3
d - Hailstorm             Conj/Ice       19%          24%         4

Your spell library contained the following spells:

 Spells                   Type           Power        Failure   Level
 Summon Ice Beast         Ice/Summ       15%          36%         4


Dungeon Overview and Level Annotations

Branches:
Dungeon (7/15)             Temple (1/1) D:4

Altars:
Ashenzari
Cheibriados
Dithmenos
Elyvilon
Fedhas
Gozag
Hepliaklqana
Kikubaaqudgha
Makhleb
Nemelex Xobeh
Okawaru
Qazlal
Ru
Sif Muna
Trog
Uskayaw
Vehumet
Wu Jian
Xom
Yredelemnul
Zin
The Shining One

Shops:
D:5 =*(   D:6 ?


Innate Abilities, Weirdness & Mutations

Your natural rate of healing is unusually fast.
You have razor-sharp teeth.
You have supernaturally acute eyesight. (SInv)
You can survive without breathing.


Message History

The wight is lightly damaged.
You hit the wight.
The wight is moderately damaged.
The wight barely misses you.
You barely miss the wight.
The wight is moderately damaged.
You hit the wight but do no damage.
The wight is moderately damaged.
The wight hits you with a cursed +2 battleaxe!
You hit the wight but do no damage. Your bite misses the wight.
The wight is moderately damaged.
You hit the wight. You bite the wight, but do no damage.
The wight is heavily damaged.
The wight hits you with a cursed +2 battleaxe!
You feel drained.
* * * LOW HITPOINT WARNING * * *
You hit the wight.
The wight is severely damaged.
The wight hits you with a cursed +2 battleaxe!
You die...

................<.##
#........##........#
.)....##...........#
....#.#........##..###
...........#..###....#
#..#.....#.#..#....###
.....................######
.......###...#........##..###
.......#####.##.....##....#.##
........###..##.....##.......#
.......##....##[@z...........#
...........####[............##
..........## #.............##
...........# #.........#..##
...#..###.## #........##.##
.....##....###........##.#
..#...#..#..##........#..##
.###....##...#............#
####...####...............#
.#....## ##.#....#....#####
.....#####..#.......#.#


You could see a wight.

Vanquished Creatures
  Menkaure (D:4)
  Edmund (D:4)
  A black bear (D:6)
  2 orc warriors
  3 ice beasts
  An ogre (D:3)
  2 centaurs (D:5)
  2 bullfrogs
  2 scorpions (D:6)
  2 wights (D:6)
  A howler monkey (D:4)
  3 gnoll shamans (D:3)
  4 orc priests
  2 jellies
  Jessica (D:3)
  Terence (D:3)
  3 orc wizards
  4 worker ants
  A worker ant zombie (D:7)
  A hound skeleton (D:6)
  41 gnolls
  6 adders
  A shadow imp (D:6)
  3 white imps
  An ufetubus (D:4)
  3 oozes
  An adder skeleton (D:5)
  2 worms
  3 dart slugs (D:1)
  3 leopard geckos
  21 orcs
  7 bats
  A giant cockroach (D:6)
  9 goblins
  9 hobgoblins
  20 jackals
  5 kobolds
  3 quokkas
  4 ball pythons
  2 frilled lizards (D:1)
  A leopard gecko skeleton (D:5)
  8 rats
192 creatures vanquished.

Vanquished Creatures (others)
  3 fungi (D:2)
  38 plants
41 creatures vanquished.

Grand Total: 233 creatures vanquished

Notes
Turn   | Place    | Note
-------+----------+-------------------------------------------
     0 | D:1      | om the Vampire Ice Elementalist began the quest for the
                  | Orb.
     0 | D:1      | Reached XP level 1. HP: 13/13 MP: 3/3
   440 | D:1      | Reached XP level 2. HP: 19/19 MP: 3/5
  1010 | D:1      | Reached XP level 3. HP: 22/24 MP: 4/6
  1030 | D:1      | Reached skill level 1 in Short Blades
  1951 | D:2      | Learned a level 3 spell: Frozen Ramparts
  2282 | D:3      | Reached XP level 4. HP: 30/30 MP: 8/8
  2284 | D:3      | Noticed Jessica
  2295 | D:3      | Killed Jessica
  2868 | D:2      | Reached XP level 5. HP: 26/35 MP: 7/9
  3037 | D:3      | Reached skill level 1 in Armour
  3357 | D:3      | Noticed Terence
  3361 | D:3      | Reached XP level 6. HP: 28/41 MP: 6/10
  3399 | D:3      | Killed Terence
  4040 | D:3      | Learned a level 3 spell: Ozocubu's Armour
  4391 | D:3      | Reached skill level 5 in Ice Magic
  4428 | D:3      | Reached XP level 7. HP: 41/47 MP: 6/11
  4614 | D:3      | Reached skill level 5 in Dodging
  4619 | D:3      | Reached skill level 1 in Fighting
  5202 | D:4      | Reached XP level 8. HP: 53/55 MP: 4/12
  5283 | D:4      | Noticed Edmund
  5309 | D:4      | Killed Edmund
  5310 | D:4      | Reached skill level 5 in Short Blades
  5310 | D:4      | Reached skill level 6 in Ice Magic
  5865 | D:4      | Noticed Menkaure
  5881 | D:4      | Killed Menkaure
  5888 | D:4      | Found a staircase to the Ecumenical Temple.
  5991 | Temple   | Entered the Ecumenical Temple
  6196 | Temple   | Became a worshipper of Sif Muna the Loreminder
  6231 | D:5      | Entered Level 5 of the Dungeon
  6334 | D:5      | Found a hide-covered altar of Uskayaw.
  7122 | D:5      | Reached skill level 5 in Stealth
  7463 | D:5      | Found Mixuguwe's Assorted Antiques.
  7663 | D:5      | Found Ceamen's Antique Weapon Boutique.
  7740 | D:5      | Found Gumodoib's Jewellery Boutique.
  7748 | D:5      | Learned a level 4 spell: Hailstorm
  7821 | D:6      | Found Jyiz Ino's Magic Scroll Shop.
  7968 | D:6      | Bought a scroll of identify for 20 gold pieces
  7968 | D:6      | Bought a scroll of identify for 20 gold pieces
  7968 | D:6      | Bought a scroll of identify for 20 gold pieces
  7968 | D:6      | Bought a scroll of identify for 20 gold pieces
  8549 | D:6      | Bought a scroll of vulnerability for 75 gold pieces
  8549 | D:6      | Bought a scroll of remove curse for 30 gold pieces
  8549 | D:6      | Bought a scroll of magic mapping for 35 gold pieces
  8687 | D:6      | Found a snail-covered altar of Cheibriados.
  8698 | D:6      | Reached XP level 9. HP: 62/62 MP: 13/13
  8724 | D:6      | Reached skill level 1 in Conjurations
  8774 | D:6      | Reached * piety under Sif Muna
  8804 | D:6      | Found an ancient bone altar of Kikubaaqudgha.
  8814 | D:6      | Found a glowing silver altar of Zin.
  8821 | D:6      | Found an ornate altar of the Wu Jian Council.
  8930 | D:6      | Reached skill level 7 in Ice Magic
  9795 | D:6      | HP: 1/49 [wight/+2 great sword of freezing (3)]
  9899 | D:6      | Slain by a wight

Illustrated notes

Levels and vault maps discovered:
D:1:      dpeg_chamrin_arrival_tetris, layout_basic, minmay_misc_feat_diagonals,
          minmay_pentomino_t4
D:2:      layout_loops_corners, minmay_shallow_snake_nest
D:3:      lemuel_castle_with_subvaults [lemuel_castle_interior_carwin_3],
          layout_rooms, uniq_jessica, uniq_terence
D:4:      layout_basic, minmay_temple_entry_enclosed_plants,
          guppyfry_early_orc_mine, uniq_edmund, uniq_menkaure
D:5:      layout_rooms, eat_drink_and_be_merry_uskayaw, serial_shops, shop,
          shop, nicolae_shop_window_shopping, columned_hall_lemuel,
          dk_vineyard_1
D:6:      black_bear_nest_1, layout_cave_pools, minitemple, serial_shops,
          nicolae_shop_crystal
D:7:      layout_loops_ring, serial_shops, nicolae_shop_waterfront,
          chequers_serial_rivers_micro_b, serial_bayou_lagoon_a
Temple:   minmay_crystal_spiral_temple

Skill      XL: |  1  2  3  4  5  6  7  8  9 |
---------------+----------------------------+-----
Short Blades   | 1 2 3 4 5 |  5.5
Dodging        | 3 4 5 6 |  6.3
Spellcasting   | 3 |  3.0
Armour         | 1 2 3 4 |  4.2
Ice Magic      | 5 6 7 |  7.1
Fighting       | 1 2 3 |  3.0
Stealth        | 5 |  5.9
Conjurations   | 2 |  2.0

Action                   |  1- 3 |  4- 6 |  7- 9 || total
-------------------------+-------+-------+-------++-------
Melee: Unarmed           |    18 |       |       ||    18
       Short sword       |    71 |   119 |    55 ||   245
       Bite              |     5 |     8 |    40 ||    53
       Dagger            |       |       |   343 ||   343
 Cast: Freeze            |     9 |     8 |    20 ||    37
       Frozen Ramparts   |       |    10 |    20 ||    30
       Ozocubu's Armour  |       |     2 |    16 ||    18
Evoke: Wand              |       |       |     4 ||     4
  Use: Scroll            |       |     6 |     8 ||    14
       Potion            |       |       |     2 ||     2
 Stab: Sleeping          |     9 |     7 |    11 ||    27
       Distracted        |       |       |     1 ||     1
Armor: Robe              |     9 |       |     8 ||    17
       Leather armour    |       |    24 |     7 ||    31
       Ring mail         |       |       |    66 ||    66
Dodge: Dodged            |    68 |    94 |   246 ||   408
       Repelled          |       |       |     5 ||     5
